AoeStats
← RAE1994

Fortress

507729723Analyzed
4v4 RM · 11d ago on Sep 19, 2026· 32m 9s· 8 players
Game mode
Random Map
Map size
Huge
Population
200
Speed
Normal
Resources
Standard
Victory
Conquest
Starting age
Dark Age
Ending age
Imperial Age
RankedLock teamsTeams togetherTeam positionsShared explorationLock speedFull tech treeHidden civsTurbo modeCheats
Victory
Defeat
🇨🇳 Slavs · China
885
+13
🇨🇳 Franks · China
884
+13
🇯🇵 Burgundians · Japan
883
+13
🇯🇵 Ethiopians · Japan
881
+13
🇬🇧 Franks · United Kingdom
848
-14
🇬🇧 Burmese · United Kingdom
831
-13
🇪🇸 Byzantines · Spain
830
-13
🇺🇸 Japanese · United States
787
-12
RAE1994
1:00 Loom
9:53 Feudal Age
17:41 Double-Bit Axe
22:00 Castle Age
又菜又爱玩
8:04 Feudal Age
8:55 Double-Bit Axe
8:54 Horse Collar
10:57 Wheelbarrow
13:02 Stone Mining
13:02 Gold Mining
15:47 Castle Age
13:46 Fletching
15:10 Padded Archer Armor
17:13 Gold Shaft Mining
21:23 Squires
21:09 Gambesons
21:30 Scale Mail Armor
21:26 Bodkin Arrow
21:42 Forging
22:46 Chain Mail Armor
22:51 Leather Archer Armor
24:10 Iron Casting
23:30 Arson
24:17 Hand Cart
24:18 Heavy Plow
25:25 Pikeman
30:42 Imperial Age
28:27 Bodkin Arrow
31:47 Conscription
31:37 Bracer
32:09 Plate Mail Armor
Pendenciero
6:38 Feudal Age
6:15 Loom
8:25 Double-Bit Axe
12:45 Castle Age
10:39 Man-at-Arms
11:17 Gold Mining
11:46 Loom
17:12 Wheelbarrow
20:15 Pikeman
CrashTango
7:11 Feudal Age
5:32 Loom
7:38 Horse Collar
12:32 Wheelbarrow
14:23 Castle Age
14:09 Loom
17:07 Stone Mining
17:33 Light Cavalry
DOY
6:09 Loom
6:26 Loom
8:34 Feudal Age
6:57 Double-Bit Axe
14:36 Castle Age
13:25 Bow Saw
13:18 Scale Mail Armor
16:40 Horse Collar
28:23 Imperial Age
27:07 Heavy Plow
30:26 Chemistry
31:48 Padded Archer Armor
32:57 Leather Archer Armor
korosuke
2:09 Loom
9:09 Feudal Age
13:31 Castle Age
12:18 Double-Bit Axe
12:27 Fletching
15:10 Crossbowman
21:10 Ballistics
23:25 Bow Saw
24:01 Horse Collar
29:03 Heavy Plow
32:33 Imperial Age
31:00 Wheelbarrow
30:12 Town Watch
31:59 Hand Cart
31:49 Town Patrol
32:12 Royal Heirs
咖喱棒
0:40 Loom
8:01 Feudal Age
15:08 Castle Age
13:21 Double-Bit Axe
13:55 Gold Mining
15:15 Stone Mining
15:38 Forging
18:14 Gold Shaft Mining
17:40 Town Watch
18:35 Scale Barding Armor
21:06 Wheelbarrow
21:22 Husbandry
22:00 Iron Casting
23:08 Bow Saw
26:07 Hand Cart
29:27 Chain Barding Armor
星玖
8:14 Feudal Age
9:01 Loom
12:15 Castle Age
10:47 Double-Bit Axe
10:49 Horse Collar
11:36 Stone Mining
18:39 Detinets
20:08 Wheelbarrow
25:20 Gold Mining
25:45 Bow Saw
25:40 Heavy Plow
25:56 Forging
25:52 Scale Barding Armor
28:07 Iron Casting
28:55 Gold Shaft Mining
28:59 Bloodlines
28:50 Husbandry
30:24 Fletching
30:57 Hand Cart
Connection lost

Rejoining the realm…

Still unreachable

The connection could not be restored.

Session expired

The server has moved on; the page needs a fresh start.